 Dungeon Crawl Stone Soup version 0.30-a0-800-g7c544603b3 (webtiles) character file.

Game seed: 1362917920253750668

63 tio the Grave Robber (level 4, -2/30 HPs)
             Began as a Human Necromancer on Feb 22, 2023.
             Slain by a gnoll
             ... wielding a +0 flail
              (6 damage)
             ... on level 3 of the Dungeon.
             The game lasted 00:13:41 (3778 turns).

tio the Grave Robber (Human Necromancer)            Turns: 3778, Time: 00:13:42

Health: -2/30      AC:  4    Str:  9    XL:     4   Next: 31%
Magic:  16/17      EV:  6    Int: 15    God:
Gold:   112        SH:  0    Dex: 15    Spells: 7/8 levels left

rFire   . . .      SeeInvis .    c - +1 short sword (protect)
rCold   . . .      Faith    .    (no shield)
rNeg    + . .      Spirit   .    a - +0 robe
rPois   .          Reflect  .    h - +1 helmet
rElec   .          Harm     .    (no cloak)
rCorr   .          Rampage  .    (no gloves)
Will    .....                    (no boots)
Stlth   ++                       (no amulet)
HPRegen 0.25/turn                e - ring of magical power
MPRegen 0.15/turn                f - ring of positive energy

@: held
A: no striking features
a: no special abilities


You were on level 3 of the Dungeon.
You visited 1 branch of the dungeon, and saw 3 of its levels.

You collected 112 gold pieces.

Inventory:

Hand Weapons
 c - a +1 short sword of protection (weapon)
Armour
 a - a +0 robe (worn)
 h - a +1 helmet (worn)
Jewellery
 e - a ring of magical power (left hand)
 f - a ring of positive energy (right hand)
Potions
 b - a potion of magic
 d - a potion of ambrosia
 i - a potion of heal wounds {unknown}
 j - a potion of curing
 l - 2 potions of degeneration
 m - a potion of berserk rage {unknown}
 q - a potion of mutation {unknown}


   Skills:
 + Level 0.1 Fighting
 + Level 0.2 Short Blades
 + Level 0.1 Maces & Flails
 + Level 2.5 Dodging
 + Level 2.0 Stealth
 + Level 2.6 Spellcasting
 + Level 4.8 Necromancy


You had 7 spell levels left.
You knew the following spells:

 Your Spells              Type           Power      Damage    Failure   Level
a - Necrotise             Necr           64%        1d7       3%          1

Your spell library contained the following spells:

 Spells                   Type           Power      Damage    Failure   Level
 Vampiric Draining        Necr           16%        2d7       9%          3
 Animate Dead             Necr           16%        N/A       28%         4
 Agony                    Necr           16%        N/A       63%         5


Dungeon Overview and Level Annotations

Branches:
Dungeon (3/15)

Altars:
Kikubaaqudgha


Message History

As you read the scroll labelled VIGOGG KUAHOID, it crumbles to dust.
It is a scroll of enchant armour.
Your +0 helmet glows green for a moment.
You feel your willpower return.
There's something in the way.
You are a level 4 Human Necromancer.
You are 31% of the way to level 5.
Play time: 00:11:09 (2364 turns).
Zot will find you in 9622 turns if you stay in this branch and explore no new floors.
You are a level 4 Human Necromancer.
You are 31% of the way to level 5.
Play time: 00:11:19 (2388 turns).
Zot will find you in 9598 turns if you stay in this branch and explore no new floors.
There is an escape hatch in the floor here.
You are a level 4 Human Necromancer.
You are 31% of the way to level 5.
Play time: 00:11:56 (2652 turns).
Zot will find you in 9334 turns if you stay in this branch and explore no new floors.
You are a level 4 Human Necromancer.
You are 31% of the way to level 5.
Play time: 00:12:37 (3338 turns).
Zot will find you in 8648 turns if you stay in this branch and explore no new floors.
You slide downwards.
The hatch slams shut behind you.
The gnoll shouts!
The gnoll writhes in agony.
The gnoll shouts! x2; You hear a shout!
The gnoll throws a throwing net.
The throwing net hits you.
You become entangled in the net!
The gnoll hits you with a +0 club.
You are held in a net!
You are held in a net!
You are held in a net!
You are held in a net!
You struggle against the net.
The gnoll barely misses you.
The gnoll hits you from afar with a +2 halberd of freezing!
The gnoll freezes you.
* * * LOW HITPOINT WARNING * * *
You struggle against the net.
The gnoll hits you with a +0 club.
* * * LOW HITPOINT WARNING * * *
The gnoll hits you from afar with a +2 halberd of freezing.
* * * LOW HITPOINT WARNING * * *
The gnoll freezes you.
* * * LOW HITPOINT WARNING * * *
The gnoll hits you with a +0 flail.
You die...

... #.#
#.# #.#
#.# #.#
#g# #@#
#g.......
#..g.####
#......
#....###
#.....
#####..
...


You could see 3 gnolls.

Vanquished Creatures
  2 adders (D:2)
  3 bats (D:2)
  4 endoplasms
  2 giant cockroaches (D:2)
  A goblin (D:1)
  6 hobgoblins
  2 jackals (D:1)
  7 kobolds
  2 quokkas (D:1)
  5 ball pythons
  6 frilled lizards
  2 rats
42 creatures vanquished.

Vanquished Creatures (collateral kills)
  A goblin (D:1)
  A rat (D:1)
2 creatures vanquished.

Vanquished Creatures (others)
  4 plants (D:1)
4 creatures vanquished.

Grand Total: 48 creatures vanquished

Notes
Turn   | Place    | Note
-------+----------+-------------------------------------------
     0 | D:1      | tio the Human Necromancer began the quest for the Orb.
     0 | D:1      | Reached XP level 1. HP: 13/13 MP: 3/3
   259 | D:1      | Reached XP level 2. HP: 8/19 MP: 1/5
   559 | D:1      | Reached XP level 3. HP: 23/24 MP: 6/6
  1477 | D:2      | Reached XP level 4. HP: 12/30 MP: 7/7
  1553 | D:2      | Found an ancient bone altar of Kikubaaqudgha.
  3778 | D:3      | Slain by a gnoll

Illustrated notes

Levels and vault maps discovered:
D:1:      grunt_arrival_crossed_arrows, layout_basic, minivault_25,
          minmay_misc_feat_chi, chequers_big_river
D:2:      layout_basic, basic_altar, minmay_pentomino_o2
D:3:      layout_basic, grunt_ashenzari_visionary
          [grunt_ashenzari_visionary_swamp, grunt_ashenzari_visionary_snake],
          dilly_ecumenical_altar_fadedgnrine

Action                     |  1- 3 |  4- 6 || total
---------------------------+-------+-------++-------
  Melee: Club              |    18 |       ||    18
         Short sword       |    32 |    12 ||    44
         Dagger            |     4 |       ||     4
   Cast: Necrotise         |    56 |     6 ||    62
    Use: Scroll            |     2 |     5 ||     7
         Potion            |     2 |       ||     2
 Armour: Robe              |    25 |     7 ||    32
  Dodge: Dodged            |    40 |     8 ||    48

Table legend: (Time is in decaauts)
 A = Elapsed time spent in this place.
 B = Non-inter-level travel time spent in this place.
 C = Inter-level travel time spent in this place.
 D = Time resting spent in this place.
 E = Time spent auto-exploring this place.
 F = Levels seen in this place.
 G = Mean time per level.
                   A        B        C        D        E       F      G
               +--------+--------+--------+--------+--------+-----+--------+
         Total |   3791 |   3509 |    282 |      0 |   1720 |   3 | 1263.7 |
       Dungeon |   3791 |   3509 |    282 |      0 |   1720 |   3 | 1263.7 |
               +--------+--------+--------+--------+--------+-----+--------+

Top non-repeatable levels by time:
     D:2: 2580 daAuts
     D:1: 1207 daAuts
     D:3: 2 daAuts
